 Dungeon Crawl Stone Soup version 0.24.0-35-gdb84b6a5db (webtiles) character file.

Game seed: 16472980259614323095, levelgen mode: deterministic

86 Ponchio the Magician (level 4, -5/24 HPs)
             Began as a Gargoyle Earth Elementalist on Nov 17, 2019.
             Slain by Crazy Yiuf
             ... wielding a +4 quarterstaff of chaos
              (12 damage)
             ... on level 2 of the Dungeon.
             The game lasted 00:07:50 (2013 turns).

Ponchio the Magician (Gargoyle Earth Elementalist)  Turns: 2013, Time: 00:07:51

Health: -5/24      AC:  5    Str: 11    XL:     4   Next: 49%
Magic:  9/10       EV: 12    Int: 17    God:
Gold:   127        SH:  0    Dex: 10    Spells: 5/11 levels left

rFire    . . .     SeeInvis .   h - +0 dagger
rCold    . . .     Gourm    .   (no shield)
rNeg     + . .     Faith    .   c - +0 robe
rPois    ∞         Spirit   .   (no helmet)
rElec    +         Reflect  .   (no cloak)
rCorr    .         Harm     +   (no gloves)
MR       .....                  (no boots)
Stlth    ++........             p - amulet of harm
HPRegen  0.08/turn              (no ring)
MPRegen  0.12/turn              (no ring)

@: very slightly contaminated, invisible
A: negative energy resistance 1, electricity resistance, unbreathing,
petrification resistance, rot immunity, AC +3
a: no special abilities


You were on level 2 of the Dungeon.
You were hungry.

You visited 1 branch of the dungeon, and saw 2 of its levels.

You collected 127 gold pieces.

Inventory:

Hand Weapons
 h - a +0 dagger (weapon)
Missiles
 b - 83 stones (quivered)
Armour
 c - a +0 robe (worn)
Jewellery
 p - an amulet of harm (around neck)
Scrolls
 a - 4 scrolls of teleportation {unknown}
 j - a scroll of identify {unknown}
 k - a scroll of blinking {unknown}
 m - a scroll of magic mapping {unknown}
 o - 2 scrolls of noise {unknown}
Potions
 e - a potion of invisibility
 g - a potion of ambrosia {unknown}
 i - a potion of brilliance {unknown}
 l - a potion of mutation {unknown}
 n - a potion of haste {unknown}
Comestibles
 d - 2 rations


   Skills:
 - Level 1.5 Dodging
 - Level 2.1 Stealth
 * Level 4.2 Spellcasting
 - Level 0.7 Transmutations
 - Level 3.7 Earth Magic


You had 5 spell levels left.
You knew the following spells:

 Your Spells              Type           Power        Failure   Level  Hunger
a - Sandblast             Erth           ###...       3%          1    None
b - Stone Arrow           Conj/Erth      ##....       22%         3    ###....
c - Passwall              Tmut/Erth      ##......     10%         2    ##.....

Your spell library contained the following spells:

 Spells                   Type           Power        Failure   Level  Hunger
 Petrify                  Tmut/Erth      ##......     52%         4    ####...
 Lee's Rapid Deconstruct  Erth           ###.......   65%         5    ######.


Dungeon Overview and Level Annotations

Branches:
Dungeon (2/15)

Altars:
Nemelex Xobeh

Annotations:
D:2 Crazy Yiuf


Innate Abilities, Weirdness & Mutations

You are resistant to torment.
Your stone body is resilient. (AC +3)
You are immune to poison.
You resist negative energy. (rN+)
You are resistant to electric shocks. (rElec)
You can survive without breathing.
You are immune to petrification.
You are immune to rotting.


Message History

Confirm with . or Enter, or press ? or * to list all spells.
Aiming: Sandblast (safe; 3% risk of failure)
Press: ? - help, Shift-Dir - straight line, f - Crazy Yiuf
Aim: Crazy Yiuf, wielding a +4 quarterstaff of chaos and wearing a +0 cloak of invisibility You miscast Sandblast.
You are very lightly contaminated with residual magic.
Nothing appears to happen.
Crazy Yiuf hits you with a +4 quarterstaff of chaos!
Ouch! That really hurt!
Crazy Yiuf freezes you.
* * * LOW HITPOINT WARNING * * *
It was a potion of invisibility.
You fade into invisibility!
Crazy Yiuf whimpers, "Lay!"
Crazy Yiuf barely misses you.
It was a potion of curing.
You feel better.
Crazy Yiuf cries, "Cards!
Cake rumpyflump leg."
Crazy Yiuf hits you with a +4 quarterstaff of chaos!
Ouch! That really hurt!
You die...

.....##............## #.#....
......#.......#.....# #.#..>.
.._.....###.#.#.....# #......
......#..############ #......
.....##..# #.#.... #...##.÷.#
#########.##..# #####....# ###
###.#....#####... #....####
#...##..#......####... #.......#
#...g@####......##.... #......##
#)..### ##.....##)... ####.#..#
### ####........ #####.#..#
#........ ...##.#..# #........
...##.#..################........
..............##..##.............
.......###....##..##........###..
.......###..........#........[...


You could see Crazy Yiuf.

Vanquished Creatures
  2 adders (D:2)
  2 worms (D:2)
  A dart slug (D:2)
  3 leopard geckos
  A ball python (D:1)
  3 giant cockroaches
  5 goblins
  3 hobgoblins
  6 jackals
  2 quokkas (D:2)
  5 bats
  4 frilled lizards
  3 kobolds
  18 rats
58 creatures vanquished.

Notes
Turn   | Place    | Note
-------+----------+-------------------------------------------
     0 | D:1      | Ponchio the Gargoyle Earth Elementalist began the quest for
                  | the Orb.
     0 | D:1      | Reached XP level 1. HP: 10/10 MP: 3/3
   181 | D:1      | Reached XP level 2. HP: 15/15 MP: 1/5
   440 | D:1      | Reached skill level 3 in Spellcasting
   658 | D:1      | Reached XP level 3. HP: 18/19 MP: 4/7
  1289 | D:2      | Found a sparkling altar of Nemelex Xobeh.
  1377 | D:2      | Reached XP level 4. HP: 24/24 MP: 6/9
  1491 | D:2      | Reached skill level 4 in Spellcasting
  1604 | D:2      | Found a faded altar of an unknown god.
  1642 | D:2      | Found a runed translucent door.
  1643 | D:2      | Noticed Crazy Yiuf
  1681 | D:2      | Learned a level 3 spell: Stone Arrow
  1702 | D:2      | Learned a level 2 spell: Passwall
  2013 | D:2      | Slain by Crazy Yiuf

Levels and vault maps discovered:
D:1:      nicolae_arrival_washed_ashore, layout_loops_ring,
          minmay_rat_gold_closets
D:2:      layout_basic, lemuel_round_altar, chequers_ecumenical_altar_grove,
          st_stairs_5, uniq_crazy_yiuf_cottage

Skill      XL: |  1  2  3  4 |
---------------+-------------+-----
Spellcasting   | 3 4 |  4.2
Dodging        | |  1.5
Stealth        | |  2.1
Transmutations | |  0.7
Earth Magic    | |  3.7

Action                   |  1- 3 |  4- 6 || total
-------------------------+-------+-------++-------
Melee: Dagger            |    60 |     2 ||    62
 Cast: Sandblast         |    43 |    16 ||    59
  Use: Potion            |       |     2 ||     2
 Stab: Sleeping          |     5 |     1 ||     6
  Eat: Chunk             |     2 |     1 ||     3
Armor: Robe              |    20 |       ||    20
Dodge: Dodged            |    45 |     8 ||    53
